 Dungeon Crawl Stone Soup version 0.28.0-47-ge53b351184 (webtiles) character file.

Game seed: 3081679422639306212

207 styxcanada the Covert (level 5, -5/39 HPs)
             Began as a Spriggan Brigand on May 6, 2022.
             Slain by a bullfrog (7 damage)
             ... in a sewer.
             The game lasted 00:15:21 (3054 turns).

styxcanada the Covert (Spriggan Brigand)            Turns: 3054, Time: 00:15:22

Health: -5/39      AC:  4    Str:  7    XL:     5   Next: 54%
Magic:  6/6        EV: 15    Int: 13    God:
Gold:   145        SH:  0    Dex: 18    Spells: 4/4 levels left

rFire   . . .      SeeInvis +   a - +2 dagger
rCold   . . .      Faith    .   (no shield)
rNeg    . . .      Spirit   .   b - +0 robe
rPois   .          Reflect  .   h - +1 hat
rElec   .          Harm     .   c - +0 cloak
rCorr   .          Rampage  .   (gloves unavailable)
Will    .....                   (boots unavailable)
Stlth   ..........              k - amulet of regeneration
HPRegen 0.93/turn               (no ring)
MPRegen 0.10/turn               (no ring)

@: berserking, lethally poisoned (-5 -> -5), constricted, very quick
A: very small, no large weapons, unfitting armour, see invisible, speed 3
a: no special abilities


You were in a sewer.
You visited 1 branch of the dungeon, and saw 4 of its levels.
You also visited: Sewer.

You collected 145 gold pieces.

Inventory:

Hand Weapons
 a - a +2 dagger (weapon)
 m - a +3 quarterstaff of chaos
 q - a +0 hunting sling
Missiles
 e - 8 curare-tipped darts
 g - 114 stones
 p - 6 poisoned darts (quivered)
Armour
 b - a +0 robe (worn)
 c - a +0 cloak (worn)
 d - a scarf of repulsion
 h - a +1 hat (worn)
Jewellery
 k - an amulet of regeneration (around neck)
 s - an amulet of the acrobat
Scrolls
 f - a scroll of brand weapon {unknown}
 j - 3 scrolls of teleportation
 o - 4 scrolls of fog {unknown}
 t - a scroll of immolation {unknown}
 v - a scroll of identify
 w - a scroll of summoning {unknown}
Potions
 l - 2 potions of curing {unknown}
 n - a potion of ambrosia
 r - 2 potions of lignification {unknown}
 u - a potion of invisibility


   Skills:
 * Level 2.1 Fighting
 + Level 3.5 Short Blades
 + Level 2.2 Throwing
 * Level 3.4 Dodging
 * Level 8.2 Stealth


You had 4 spell levels left.
You didn't know any spells.
Your spell library was empty.

Dungeon Overview and Level Annotations

Branches:
Dungeon (4/15)              Sewer (1/1)
 Temple: D:4-7

Altars:

Annotations:
D:3 2 transporters, klau3's ghost, amateur DsNe


Innate Abilities, Weirdness & Mutations

You are very small and have problems with some larger weapons.
You are too small for most types of armour.
You have supernaturally acute eyesight. (SInv)
You cover ground extremely quickly. (Speed+++)


Message History

The bullfrog hits you. The ball python misses you. x2
The bullfrog barely misses you. The adder completely misses you.
The bullfrog completely misses you. The ball python barely misses you. x2
You hit the adder.
The adder is moderately wounded.
The bullfrog closely misses you. The ball python misses you.
The ball python closely misses you. The bullfrog closely misses you.
The adder completely misses you. The ball python closely misses you.
The ball python barely misses you. The bullfrog hits you.
You miss the adder.
The adder is moderately wounded.
The ball python barely misses you. The ball python grabs you.
The ball python constricts you. The bullfrog misses you. The adder bites you.
You are poisoned.
The adder poisons you! The bullfrog hits you.
The ball python barely misses you.
A red film seems to cover your vision as you go berserk!
You feel yourself moving faster!
You feel mighty!
You feel sick. The bullfrog hits you. The ball python closely misses you.
The ball python constricts you. The adder barely misses you.
The bullfrog barely misses you. The ball python bites you.
The bullfrog hits you. The ball python misses you.
The ball python constricts you.
You completely miss the adder.
The adder is moderately wounded.
You feel sick.
The bullfrog hits you but does no damage.
The adder bites you.
* * * LOW HITPOINT WARNING * * *
The bullfrog hits you!
* * * LOW HITPOINT WARNING * * *
You puncture the adder!
You kill the adder!
You feel sick.
The ball python bites you but does no damage.
The ball python constricts you.
* * * LOW HITPOINT WARNING * * *
The ball python closely misses you. The bullfrog barely misses you.
The bullfrog hits you!
You die...

#†††.†..# #†...#†.#
##...####
#....################## #+
#......≈≈≈≈≈≈≈≈≈≈≈≈≈≈≈#...#
##.....≈≈≈≈≈≈≈≈≈≈≈≈≈≈≈.....
#....≈≈≈≈≈≈≈≈≈≈≈≈≈≈≈#.....
#....≈≈≈≈≈≈≈#SF≈≈≈≈≈≈≈....
##....≈≈≈≈≈≈†@F≈#≈≈≈≈.....
###..≈≈≈≈≈≈≈≈S≈≈≈≈≈≈#...#
################### ###


You could see 2 bullfrogs and 2 ball pythons.

Vanquished Creatures
  Crazy Yiuf (D:2)
  3 river rats (Sewer)
  7 adders
  3 worms
  An orc (D:3)
  18 ball pythons
  4 endoplasms
  4 giant cockroaches
  3 goblins (D:1)
  3 hobgoblins
  4 jackals (D:3)
  3 kobolds
  A quokka (D:1)
  5 bats
  5 frilled lizards
  32 rats
97 creatures vanquished.

Notes
Turn   | Place    | Note
-------+----------+-------------------------------------------
     0 | D:1      | styxcanada the Spriggan Brigand began the quest for the
                  | Orb.
     0 | D:1      | Reached XP level 1. HP: 10/10 MP: 2/2
    86 | D:1      | Reached skill level 6 in Stealth
   258 | D:1      | Reached XP level 2. HP: 14/14 MP: 3/3
   411 | D:1      | Found a faded altar of an unknown god.
   926 | D:2      | Reached XP level 3. HP: 16/18 MP: 4/4
  1109 | D:2      | You fall into a shaft and drop 1 floor!
  1200 | D:3      | Reached skill level 7 in Stealth
  1449 | D:2      | Found a runed translucent door.
  1450 | D:2      | Noticed Crazy Yiuf
  1488 | D:2      | Killed Crazy Yiuf
  1489 | D:2      | Reached XP level 4. HP: 23/23 MP: 5/5
  1767 | D:3      | Found a transporter.
  1773 | D:3      | Found a transporter.
  1773 | D:3      | Noticed klau3's ghost (amateur DsNe)
  2422 | D:4      | Found a glowing drain.
  2430 | Sewer    | Entered a sewer
  2719 | Sewer    | Reached skill level 8 in Stealth
  2719 | Sewer    | Reached XP level 5. HP: 20/26 MP: 6/6
  3054 | Sewer    | Slain by a bullfrog

Illustrated notes

Levels and vault maps discovered:
D:1:      ncdulo_lavacross, layout_loops_ring,
          shapermc_ecumenical_altar_mp_highgroup
D:2:      layout_basic, kennysheep_cross_room, uniq_crazy_yiuf_cottage
D:3:      layout_basic, gammafunk_ghost_arena
D:4:      layout_gridville, marbit_many_paths, serial_shops, shop,
          portal_sewer_entry_b
Sewer:    sewer_minmay_w

Skill      XL: |  1  2  3  4  5 |
---------------+----------------+-----
Stealth        | 6 7 8 |  8.2
Dodging        | 2 3 |  3.4
Fighting       | 2 |  2.1
Short Blades   | 3 |  3.5
Throwing       | |  2.2

Action                   |  1- 3 |  4- 6 || total
-------------------------+-------+-------++-------
Melee: Dagger            |    80 |   254 ||   334
       Punch             |       |     2 ||     2
Throw: Dart              |    13 |    12 ||    25
  Use: Scroll            |     5 |       ||     5
       Potion            |       |     2 ||     2
 Stab: Sleeping          |    14 |     9 ||    23
Armor: Robe              |     7 |    50 ||    57
Dodge: Dodged            |    40 |   324 ||   364
